AoeStats
← guerras90

Nomad

509698064Analyzed
2v2 RM · 4d ago on Sep 27, 2026· 34m 30s· 4 players
Game mode
Random Map
Map size
176×176
Population
200
Speed
Normal
Resources
Standard
Victory
Conquest
Starting age
Dark Age
Ending age
Imperial Age
RankedLock teamsTeams togetherTeam positionsShared explorationLock speedFull tech treeHidden civsTurbo modeCheats
Victory
Defeat
🇷🇺 Dravidians · Russia
831
+17
🇪🇸 Malay · Spain
809
+18
🇪🇸 Britons · Spain
854
-18
🇪🇸 Magyars · Spain
845
-17
Livsha
16:04 Feudal Age
17:28 Wheelbarrow
16:39 Town Watch
16:40 Loom
16:39 Fishing Lines
16:57 Double-Bit Axe
18:02 Horse Collar
20:51 Arson
20:27 Man-at-Arms
21:49 Stone Mining
21:54 Fletching
22:15 Forging
22:07 Scale Mail Armor
24:47 Castle Age
22:51 Scale Mail Armor
25:18 Gambesons
25:39 Squires
25:45 Padded Archer Armor
25:51 Heavy Plow
25:43 Pikeman
26:33 Long Swordsman
27:52 Scale Barding Armor
28:25 Gillnets
29:58 Husbandry
30:06 Thumb Ring
30:51 Crossbowman
33:13 Iron Casting
33:59 Gold Mining
guerras90
12:57 Loom
16:30 Feudal Age
21:12 Castle Age
19:04 Man-at-Arms
21:28 Long Swordsman
22:48 Thalassocracy
23:21 Fishing Lines
25:10 Squires
25:34 Medium Warships
26:31 Pikeman
31:17 Forging
30:58 Fletching
31:52 Wheelbarrow
31:37 Gold Mining
33:55 Iron Casting
33:16 Bodkin Arrow
Riky
3:33 Loom
16:11 Feudal Age
17:52 Double-Bit Axe
21:03 Castle Age
19:35 Gold Mining
19:36 Stone Mining
21:24 Wheelbarrow
20:35 Town Watch
23:45 Crossbowman
28:38 Padded Archer Armor
28:28 Fletching
29:44 Horse Collar
xDakaaH
3:45 Loom
14:17 Feudal Age
18:42 Double-Bit Axe
21:04 Castle Age
19:00 Gold Mining
19:48 Bloodlines
19:45 Scale Barding Armor
20:07 Horse Collar
22:58 Gold Shaft Mining
22:41 Husbandry
23:36 Chain Barding Armor
25:23 Heavy Plow
25:32 Fletching
32:03 Wheelbarrow
35:03 Imperial Age
32:03 Elite Skirmisher
Connection lost

Rejoining the realm…

Still unreachable

The connection could not be restored.

Session expired

The server has moved on; the page needs a fresh start.